Map: Blackrock LE

Players

ViBE - Winner!

  • Race: Zerg Zerg
  • League: Master

DuckODeath

  • Race: Protoss Protoss
  • League: Silver

VOD

Have the link to the VOD?

Description

Time

  • Played on: Oct. 13, 2026, 7:50 p.m.
  • Length: 12:02
Show
View Real Time Build Order
Export as new Build Order

ViBE Zerg - Winner!

Build Orders: Hatch First 

Get SALT Encoding   

  12  0:00  Drone  
  13  0:12  Overlord  
  13  0:17  Drone  
  14  0:30  Drone x2  
  16  0:35  Drone  
  17  0:52  Hatchery  
  17  0:56  Drone  
  17  0:57  Drone  
  18  1:11  Spawning Pool  
  18  1:14  Drone  
  18  1:18  Drone  
  19  1:29  Overlord  
  19  1:38  Drone  
  20  1:54  Drone  
  21  1:55  Extractor  
  21  1:59  Queen  
  22  2:04  Drone  
  22  2:05  Queen  
  22  2:06  Drone  
  26  2:11  Drone  
  27  2:19  Drone  
  28  2:24  Drone  
  28  2:26  Drone  
  30  2:32  Drone  
  31  2:37  Drone  
  31  2:40  Queen  
  31  2:43  Drone  
  35  2:47  Drone  
  36  2:53  Overlord  
  36  2:55  Lair  
  36  3:01  Roach Warren  
  36  3:02  Drone  
  36  3:05  Overlord  
  36  3:11  Drone x4  
  36  3:12  Drone  
  41  3:13  Drone  
  41  3:15  Drone  
  43  3:22  Drone  
  43  3:26  Extractor  
  43  3:27  Extractor  
  42  3:31  Drone  
  42  3:34  Drone x2  
  45  3:39  Hatchery  
  44  3:46  Drone x4  
  44  3:47  Overlord  
  48  3:52  Overlord  
  48  3:53  Overlord  
  48  3:55  Glial Reconstitution  
  48  4:00  Roach  
  50  4:03  Roach  
  50  4:06  Roach  
  56  4:10  Roach  
  56  4:13  Roach  
  58  4:17  Roach x2  
  58  4:20  Overlord  
  58  4:23  Queen  
  64  4:33  Drone  
  64  4:34  Drone x3  
  68  4:40  Drone  
  68  4:45  Overlord  
  69  4:46  Overlord  
  69  4:50  Drone x6  
  75  4:54  Drone  
  75  4:59  Hydralisk Den  
  75  5:00  Drone x2  
  75  5:06  Evolution Chamber x2  
  75  5:07  Drone  
  75  5:13  Drone x3  
  79  5:18  Drone x3  
  79  5:20  Extractor  
  81  5:22  Extractor  
  80  5:30  Hatchery, Drone x3  
  80  5:31  Drone x4  
  86  5:36  Grooved Spines  
  86  5:38  Zerg Missile Weapons Level 1, Zerg Ground Armor Level 1  
  86  5:43  Overlord x2  
  86  5:45  Overlord  
  86  5:53  Drone, Extractor  
  86  5:54  Drone x2  
  86  5:55  Drone  
  89  6:02  Hydralisk  
  89  6:03  Hydralisk x4  
  97  6:06  Hydralisk x2  
  101  6:11  Hydralisk  
  101  6:12  Hydralisk x2  
  101  6:14  Hydralisk  
  101  6:17  Hydralisk  
  97  6:18  Hydralisk  
  97  6:21  Hydralisk  
  97  6:23  Hydralisk  
  101  6:26  Muscular Augments  
  101  6:31  Hydralisk x2  
  99  6:33  Hydralisk  
  99  6:39  Hydralisk  
  83  6:41  Hydralisk  
  83  6:45  Hydralisk  
  76  6:49  Hydralisk  
  76  6:58  Zergling x4  
  76  6:59  Zergling x14  
  73  7:04  Queen  
  73  7:07  Hydralisk  
  75  7:11  Hydralisk  
  75  7:13  Hydralisk  
  71  7:21  Hydralisk x2  
  68  7:24  Hydralisk  
  65  7:30  Hydralisk  
  65  7:31  Hydralisk  
  65  7:34  Hydralisk  
  65  7:36  Zergling x2  
  71  7:40  Hydralisk  
  72  7:45  Hydralisk  
  72  7:48  Hydralisk  
  72  7:50  Hydralisk  
  71  7:53  Hydralisk  
  71  7:56  Hydralisk  
  73  8:04  Hydralisk  
  73  8:05  Hydralisk  
  77  8:09  Hydralisk  
  77  8:11  Hydralisk  
  79  8:15  Hydralisk  
  78  8:22  Hydralisk  
  78  8:23  Hydralisk  
  78  8:25  Zergling x2  
  78  8:26  Zergling x2  
  84  8:27  Zergling x2  
  84  8:30  Hydralisk  
  85  8:37  Hydralisk x2  
  89  8:48  Drone x6  
  95  8:49  Drone  
  95  8:50  Drone  
  96  8:56  Drone  
  96  8:57  Drone x3  
  96  8:58  Drone  
  96  9:01  Drone  
  102  9:03  Drone  
  102  9:04  Drone  
  102  9:06  Drone  
  102  9:07  Drone  
  106  9:20  Zerg Missile Weapons Level 2, Zerg Ground Armor Level 2  
  106  9:21  Infestation Pit  
  106  9:23  Drone  
  106  9:24  Drone  
  107  9:34  Hydralisk  
  107  9:35  Hydralisk x3  
  107  9:36  Hydralisk  
  113  9:47  Hatchery  
  113  9:50  Hydralisk x2  
  113  9:51  Hydralisk  
  118  9:53  Overlord  
  118  9:56  Overlord  
  118  10:02  Hive  
  118  10:05  Overlord  
  112  10:17  Overlord  
  112  10:23  Drone x13  
  125  10:32  Drone x4  
  125  10:33  Drone  
  130  10:37  Overlord  
  130  10:45  Hatchery  
  130  10:48  Hydralisk x3  
  135  10:53  Drone  
  135  10:54  Drone  
  137  10:58  Drone x4  
  137  11:00  Hydralisk x2  
  137  11:02  Hydralisk  
  147  11:11  Overlord  
  147  11:17  Hydralisk x4  
  147  11:18  Hydralisk x3  
  161  11:22  Extractor  
  161  11:23  Extractor  
  161  11:24  Overlord x2  
  159  11:26  Hydralisk  
  159  11:27  Hydralisk x2  
  165  11:35  Hydralisk  
  165  11:36  Hydralisk x4  
  165  11:39  Overlord  
  175  11:40  Overlord  
  175  11:41  Overlord  
Show
View Real Time Build Order
Export as new Build Order

DuckODeath Protoss 

Build Orders:  

Get SALT Encoding   

  12  0:02  Probe  
  13  0:16  Probe  
  14  0:27  Pylon  
  14  0:28  Probe  
  15  0:46  Probe (Chrono Boost)  
  16  0:50  Gateway  
  16  0:52  Probe (Chrono Boost)  
  17  1:01  Probe  
  18  1:05  Assimilator  
  18  1:13  Probe  
  19  1:25  Probe (Chrono Boost)  
  20  1:37  Probe (Chrono Boost)  
  21  1:44  Probe (Chrono Boost)  
  21  1:46  Nexus  
  22  1:57  Probe  
  23  2:03  Cybernetics Core  
  23  2:16  Assimilator, Pylon  
  23  2:34  Zealot  
  23  2:35  Probe  
  26  2:42  Warp Gate  
  26  2:47  Probe (Chrono Boost)  
  27  2:52  Pylon  
  27  2:56  Probe (Chrono Boost)  
  28  3:00  Gateway, Probe (Chrono Boost)  
  28  3:01  Probe (Chrono Boost)  
  30  3:06  Zealot  
  30  3:11  Probe  
  33  3:13  Probe  
  33  3:17  Twilight Council  
  34  3:22  Forge  
  34  3:25  Probe (Chrono Boost)  
  36  3:27  Probe (Chrono Boost)  
  36  3:41  Probe (Chrono Boost)  
  36  3:42  Probe (Chrono Boost)  
  36  3:48  Zealot x2  
  40  3:52  Probe  
  40  3:53  Probe  
  44  4:04  Probe  
  44  4:05  Charge, Probe  
  44  4:07  Protoss Ground Weapons Level 1  
  46  4:11  Pylon  
  46  4:14  Pylon  
  46  4:16  Probe  
  49  4:17  Probe  
  50  4:28  Zealot  
  50  4:29  Probe  
  51  4:33  Gateway  
  51  4:34  Gateway  
  51  4:44  Zealot  
  53  4:48  Zealot  
  55  5:01  Pylon  
  55  5:05  Pylon  
  55  5:07  Zealot  
  57  5:08  Gateway  
  57  5:10  Zealot  
  59  5:22  Probe  
  60  5:28  Zealot x2  
  60  5:29  Zealot  
  66  5:39  Zealot  
  68  5:46  Pylon  
  66  6:06  Stalker x3  
  66  6:07  Stalker  
  72  6:12  Gateway  
  72  6:17  Protoss Ground Weapons Level 2  
  70  6:33  Zealot x3  
  70  6:34  Zealot  
  58  6:54  Zealot  
  58  6:55  Zealot x3  
  58  7:09  Zealot  
  55  7:17  Assimilator  
  55  7:18  Assimilator  
  55  7:20  Pylon  
  55  7:21  Pylon  
  47  7:32  Zealot x5  
  47  7:34  Nexus  
  53  7:37  Pylon x2  
  47  7:57  Zealot x4  
  47  7:58  Zealot  
  51  8:08  Gateway  
  51  8:09  Gateway  
  51  8:11  Gateway  
  45  8:18  Zealot x2  
  45  8:19  Zealot x3  
  41  8:35  Probe  
  41  8:36  Probe  
  43  8:43  Zealot x5  
  43  8:47  Probe  
  43  8:48  Probe  
  51  9:00  Probe  
  46  9:08  Forge  
  46  9:22  Zealot x6  
  46  9:23  Zealot x2  
  46  9:47  Pylon  
  46  9:48  Pylon  
  46  9:49  Assimilator  
  46  9:51  Zealot  
  46  9:52  Assimilator  
  48  9:55  Zealot x2  
  48  9:56  Zealot x4  
  48  9:57  Zealot  
  46  11:45  Zealot x4  
  46  11:46  Zealot x4  
Tags
 
Add a new tag
Caveats
  • Supply blocks, unpowered buildings, or Contaminate may cause inaccurate times.
  • Supply counts are checked every 10 seconds.